 Dungeon Crawl Stone Soup version 0.28.0-53-g5a82cb258f (webtiles) character file.

Game seed: 6141006908139094382

211 pesado the Poker (level 5, -2/45 HPs)
             Began as a Minotaur Fighter on May 21, 2022.
             Succumbed to a killer bee's poison
             ... on level 3 of the Dungeon.
             The game lasted 00:02:59 (3024 turns).

pesado the Poker (Minotaur Fighter)                 Turns: 3024, Time: 00:03:00

Health: -2/45      AC:  6    Str: 22    XL:     5   Next: 57%
Magic:  4/4        EV:  9    Int:  5    God:
Gold:   169        SH:  4    Dex: 10    Spells: 4/4 levels left

rFire   . . .      SeeInvis .   a - +0 trident
rCold   . . .      Faith    .   c - +0 buckler
rNeg    . . .      Spirit   .   b - +0 scale mail
rPois   .          Reflect  .   (helmet restricted)
rElec   .          Harm     .   (no cloak)
rCorr   .          Rampage  .   (no gloves)
Will    +....                   (no boots)
Stlth   ..........              (no amulet)
HPRegen 0.15/turn               m - ring of willpower
MPRegen 0.09/turn               (no ring)

@: mighty, lethally poisoned (-2 -> -17), invisible
A: horns 2, retaliatory headbutt
a: no special abilities


You were on level 3 of the Dungeon.
You visited 1 branch of the dungeon, and saw 4 of its levels.
You visited the Abyss 1 time.

You collected 169 gold pieces.

Inventory:

Hand Weapons
 a - a +0 trident (weapon)
Missiles
 h - 2 poisoned darts (quivered)
 q - 2 javelins
Armour
 b - a +0 scale mail (worn)
 c - a +0 buckler (worn)
Jewellery
 m - a ring of willpower (left hand)
Wands
 l - a wand of iceblast (9)
Scrolls
 f - a scroll of teleportation
 i - a scroll of identify
 r - a scroll of holy word {unknown}
Potions
 e - a potion of brilliance {unknown}
 g - a potion of magic
 j - a potion of curing {unknown}
 k - a potion of invisibility
 n - a potion of heal wounds {unknown}
 o - a potion of degeneration {unknown}
 p - a potion of haste {unknown}


   Skills:
 - Level 3.6 Fighting
 + Level 7.1 Polearms
 + Level 0.4 Throwing
 - Level 3.6 Armour
 - Level 3.6 Shields


You had 4 spell levels left.
You didn't know any spells.
Your spell library contained the following spells:

 Spells                   Type           Power      Damage    Failure   Level
 Ensorcelled Hibernation  Hex/Ice        0%         N/A       95%         2
 Passwall                 Tmut/Erth      0%         N/A       95%         2
 Swiftness                Air            0%         N/A       99%         3
 Summon Lightning Spire   Summ/Air       0%         N/A       100%        4
 Storm Form               Tmut/Air       0%         N/A       100%        7
 Maxwell's Capacitive Co  Air            0%         ∞         100%        8


Dungeon Overview and Level Annotations

Branches:
Dungeon (4/15)
 Temple: D:4-7

Altars:


Innate Abilities, Weirdness & Mutations

You have a pair of horns on your head.
You reflexively headbutt those who attack you in melee.


Message History

You closely miss the killer bee.
The killer bee is lightly wounded.
The killer bee stings you.
You are poisoned.
The killer bee poisons you! The killer bee stings you. x2
You are more poisoned.
The killer bee poisons you! The killer bee barely misses you.
You feel very mighty all of a sudden.
You feel very sick. The killer bee stings you.
You are more poisoned.
The killer bee poisons you!
The killer bee stings you but does no damage.
You block the killer bee's attack.
The killer bee stings you but does no damage.
Unknown command.
Unknown command.
Unknown command.
You fade into invisibility!
You feel very sick. The killer bee barely misses you. You furiously retaliate!
You headbutt the killer bee. The killer bee stings you.
The killer bee stings you but does no damage.
The killer bee stings you.
You closely miss the killer bee. You headbutt the killer bee!
The killer bee is almost dead.
* * * LOW HITPOINT WARNING * * *
You feel very sick. The killer bee stings you.
* * * LOW HITPOINT WARNING * * *
The killer bee closely misses you. You furiously retaliate!
You headbutt the killer bee.
You kill the killer bee!
The killer bee stings you.
* * * LOW HITPOINT WARNING * * *
Your Polearms skill increases to level 7!
Unknown command.
Okay, then.
It was a potion of magic.
Magic courses through your body.
You die...

########## ## ##########
##........##########( .........#
##...#####............ ########.#
#.....###############. ......##.#
#....†..# ## .####.##.###.....#.#
###### .# #......##...##.# #.....
.####).....#######.#########.####
.#.............†@y...........#
.#..#......#######.########..#
.#..#......# #.# #..#
.#..#.##.#.# #.# #..#
....#.##.#.# #.# #..#
.#..#....#.# #.# #..#
.........#.## #.########..#
....####....######.......##..#
########..#..........###.##..#


You could see a killer bee.

Vanquished Creatures
  A killer bee (D:3)
  Ijyb (D:3)
  Jessica (D:3)
  4 adders
  3 dart slugs
  2 orcs (D:3)
  9 ball pythons
  6 endoplasms
  A giant cockroach (D:1)
  8 goblins
  6 hobgoblins
  3 jackals (D:1)
  5 kobolds
  3 quokkas
  3 bats
  6 frilled lizards
  9 rats
71 creatures vanquished.

Notes
Turn   | Place    | Note
-------+----------+-------------------------------------------
     0 | D:1      | pesado the Minotaur Fighter began the quest for the Orb.
     0 | D:1      | Reached XP level 1. HP: 19/19 MP: 0/0
   100 | D:1      | Reached skill level 3 in Polearms
   172 | D:1      | Reached XP level 2. HP: 24/26 MP: 1/1
   575 | D:1      | Reached skill level 4 in Polearms
   788 | D:1      | Reached XP level 3. HP: 27/31 MP: 2/2
   881 | D:1      | Found a faded altar of an unknown god.
  1642 | D:2      | Reached skill level 5 in Polearms
  1725 | D:2      | Reached XP level 4. HP: 29/39 MP: 3/3
  2129 | D:3      | Cast into level 1 of the Abyss (orc)
  2158 | D:3      | Escaped the Abyss
  2228 | D:3      | Noticed Ijyb
  2238 | D:3      | Killed Ijyb
  2239 | D:3      | Reached skill level 6 in Polearms
  2482 | D:3      | Noticed Jessica
  2501 | D:3      | Killed Jessica
  2502 | D:3      | Reached XP level 5. HP: 40/45 MP: 4/4
  3023 | D:3      | HP: 2/45 [killer bee (4)]
  3024 | D:3      | Reached skill level 7 in Polearms
  3024 | D:3      | Succumbed to a killer bee's poison

Illustrated notes

Levels and vault maps discovered:
D:1:      kilobyte_arrival_exit_the_forest, layout_loops_cross,
          shapermc_ecumenical_altar_mp_vishouse
D:2:      layout_loops_ring, minmay_goblin_kobold_house
D:3:      layout_loops_ring, uniq_ijyb, uniq_jessica
D:4:      layout_loops_cross, chequers_temple_overflow_minitemple

Skill      XL: |  1  2  3  4  5 |
---------------+----------------+-----
Polearms       | 3 4 5 6 7 |  7.1
Fighting       | |  3.6
Throwing       | |  0.4
Armour         | |  3.6
Shields        | |  3.6

Action                   |  1- 3 |  4- 6 || total
-------------------------+-------+-------++-------
Melee: Trident           |   120 |    70 ||   190
       Headbutt          |     3 |    12 ||    15
Throw: Dart              |     1 |     3 ||     4
  Use: Scroll            |       |     3 ||     3
       Potion            |       |     3 ||     3
Armor: Scale mail        |    35 |    19 ||    54
Dodge: Dodged            |    49 |    23 ||    72
Block: Buckler           |    20 |    12 ||    32
